 Dungeon Crawl Stone Soup version 0.31-a0-430-gf8416d752b (webtiles) character file.

Game seed: 14554870513605247213

79 Conn the Covert (level 4, 21/21 HPs)
             Began as a Felid Delver on July 31, 2023.
             Was an Initiate of Okawaru.
             Quit the game on level 2 of the Dungeon.
             The game lasted 00:06:37 (1314 turns).

Conn the Covert (Felid Delver)                      Turns: 1314, Time: 00:06:37

Health: 21/21      AC:  1    Str:  8    XL:     4   Next: 17%
Magic:  5/5        EV: 18    Int: 13    God:    Okawaru [......]
Gold:   137        SH:  0    Dex: 17    Spells: 3/3 levels left
                                        Lives:  0   Deaths: 1

rFire   . .          .
                       - Unarmed
rCold   . . .        (shield unavailable)
rNeg    . . .        (body armour unavailable)
rPois   .            (helmet unavailable)
rElec   .            (cloak unavailable)
rCorr   .            (gloves unavailable)
SInv    +            (boots unavailable)
Will    .....        (no amulet)
Stlth   ++++         (no ring)
HPRegen 0.23/turn    (no ring)
MPRegen 0.09/turn

%: no passive effects
@: quick
A: very small, claws 1, fangs 3, see invisible, speed 1, shaggy fur 1, stealthy
paws, no weapons or thrown items, no armour, multi-lived
a: Renounce Religion


You were on level 2 of the Dungeon.
You worshipped Okawaru.
Okawaru was noncommittal.
You visited 1 branch of the dungeon, and saw 5 of its levels.

You collected 201 gold pieces.
You spent 64 gold pieces at shops.

Inventory:

Wands
 e - a wand of digging (3)
Scrolls
 a - a scroll of fog
 b - a scroll of revelation
 g - a scroll of noise {unknown}
 h - 3 scrolls of identify {unknown}
 i - a scroll of poison {unknown}
 j - a scroll of blinking {unknown}
 k - a scroll of fear
 m - a scroll of enchant weapon
 n - a scroll of teleportation {unknown}
Potions
 c - a potion of degeneration {unknown}
 d - a potion of haste
 f - 2 potions of curing {unknown}
 l - a potion of cancellation {unknown}
 o - a potion of enlightenment {unknown}


   Skills:
 + Level 3.3 Fighting
 + Level 3.2 Dodging
 + Level 8.6 Stealth
 + Level 2.6 Unarmed Combat


You had 3 spell levels left.
You didn't know any spells.
Your spell library contained the following spells:

 Spells                   Type           Power      Damage    Failure   Level
 Apportation              Tloc           0%         N/A       30%         1
 Necrotise                Necr           0%         1d4       30%         1
 Vampiric Draining        Necr           0%         2d6       67%         3
 Agony                    Necr           0%         N/A       100%        5
 Alistair's Intoxication  Tmut/Pois      0%         N/A       100%        5


Dungeon Overview and Level Annotations

Branches:
Dungeon (5/15)
 Temple: D:4-7

Altars:
Dithmenos
Okawaru

Shops:
D:1 :   D:2 *

Annotations:
D:4 Grinder


Innate Abilities, Weirdness & Mutations

You have sharp claws.
You have razor-sharp teeth.
You have supernaturally acute eyesight. (SInv)
You cover ground quickly. (Speed+)
You are covered in fur. (AC +1)
Your paws help you pounce on unaware monsters.
You are incapable of wielding weapons or throwing items.
You cannot wear armour.
You gain extra lives every three experience levels.


Message History

You barely miss the bat. The bat closely misses you. The bat hits you.
You scratch the bat.
You kill the bat!
Okawaru accepts your kill.
No target in view!
No target in view!
There is an open door here.
You now have 137 gold pieces (gained 4).
f - 2 smoky dark potions (gained 1)
You open the door.
There is an open door here.
o - a dark potion
Found a short sword.
An endoplasm comes into view.
Found a scroll labelled ZIEPPU JYPIRR.
The endoplasm moves out of view.
You see here a +0 short sword.
The endoplasm completely misses you.
You scratch the endoplasm but do no damage.
You bite the endoplasm.
The endoplasm is lightly wounded.
The endoplasm freezes you.
You are frozen.
You scratch the endoplasm.
The endoplasm is almost dead.
The endoplasm misses you.
You completely miss the endoplasm.
The endoplasm is almost dead.
The endoplasm misses you.
You scratch the endoplasm.
You kill the endoplasm!
Okawaru accepts your kill.
No target in view!
h - 2 scrolls labelled ZIEPPU JYPIRR (gained 1)
h - 3 scrolls labelled ZIEPPU JYPIRR (gained 1) HP restored.
A worm comes into view.
A worm is nearby!
A worm is nearby!
A worm is nearby!
Are you sure you want to abandon this character and quit the game? (Confirm with "yes".)

##..#.###.... #.....#
#.### #.....# #.# #
## #...).# #.### #.w
#.....###.##. #..
#.........#.. #..
###.#.####...
#..#######....###....
#..@...........+....
#########....###....
##.#.# ##... ###.#
##.. #.# ##. #.# ##
#.# # #.# # #.# ##


You could see a worm (asleep).

Vanquished Creatures
  Natasha (twice) (D:2)
  2 adders (D:4)
  2 worms
  3 dart slugs
  6 ball pythons
  3 endoplasms
  3 giant cockroaches
  6 goblins
  5 hobgoblins
  4 jackals
  A bat (D:2)
  2 frilled lizards (D:1)
  5 kobolds
  5 rats
49 creatures vanquished.

Notes
Turn   | Place    | Note
-------+----------+-------------------------------------------
     0 | D:5      | Conn the Felid Delver began the quest for the Orb.
     0 | D:5      | Reached XP level 1. HP: 10/10 MP: 2/2
    52 | D:4      | Reached skill level 7 in Stealth
    52 | D:4      | Reached XP level 2. HP: 14/14 MP: 3/3
    73 | D:4      | Noticed a phantom
   175 | D:4      | Found an iron altar of Okawaru.
   182 | D:4      | Noticed Grinder
   215 | D:4      | Became a worshipper of Warmaster Okawaru
   234 | D:4      | Reached XP level 3. HP: 17/17 MP: 4/4
   280 | D:3      | Found a shadowy altar of Dithmenos.
   386 | D:2      | Found Imo Isugadu's Assorted Antiques.
   386 | D:2      | Noticed Natasha
   395 | D:2      | Killed Natasha
   396 | D:2      | Reached skill level 8 in Stealth
   438 | D:2      | Bought a scroll labelled HASEONKAUMME for 16 gold pieces
   438 | D:2      | Bought a scroll labelled ZIEPPU JYPIRR for 16 gold pieces
   438 | D:2      | Bought a scroll labelled USCHEX WYHITOEN for 16 gold pieces
   438 | D:2      | Bought a scroll labelled ACOISI VOPPIMN for 16 gold pieces
   529 | D:2      | Noticed Natasha
   541 | D:2      | Killed Natasha
   542 | D:2      | Reached XP level 4. HP: 17/21 MP: 5/5
   593 | D:1      | HP: 1/31 [poisoned by a goblin]
   594 | D:1      | Succumbed to a goblin's poison
   595 | D:1      | Reached XP level 3. HP: -3/25 MP: 4/4
  1023 | D:1      | Reached XP level 4. HP: 18/21 MP: 5/5
  1111 | D:1      | Found Jiagas's Book Shoppe.
  1314 | D:2      | Quit the game

Illustrated notes

Levels and vault maps discovered:
D:1:      roderic_dead_forest, layout_rooms, serial_shops, shop_fountains,
          chequers_serial_rivers_micro_c, hangedman_decor_clover_reticule,
          hangedman_abyss_or_decor_lesser_grid, dreamdust_wishing_well,
          minmay_distorted
D:2:      minmay_alternating_diamond, layout_loops_corners, serial_shops,
          nicolae_shop_overgrown_old_shop, shapermc_ecumenical_altar_rom_forum,
          uniq_natasha, uniq_terence
D:3:      layout_loops_ring, nicolae_uskayaw_dance_hall, lemuel_blue_sif_altar,
          nemelex_diamond_rough_becter, grunt_dithmenos_smoke
D:4:      layout_gridville, yredelemnul_altar_generic,
          mainiacjoe_overflow_six_doors_small, mainiacjoe_overflow_brackets,
          temple_hall, minmay_manual_mares, uniq_blork_the_orc, uniq_edmund,
          uniq_grinder
D:5:      nicolae_BIG_FREAKIN_CUBE, layout_loops_ring,
          mainiacjoe_overflow_divided_tiny, serial_shops, nicolae_shop_trees,
          grunt_ministairs_14, patterned_corridor

Skill      XL: |  1  2  3 |
---------------+----------+-----
Stealth        | 7 8 |  8.6
Dodging        | 3 |  3.2
Fighting       | |  3.3
Unarmed Combat | |  2.6

Action                     |  1- 3 |  4- 6 || total
---------------------------+-------+-------++-------
  Melee: Unarmed           |    94 |    32 ||   126
         Bite              |    11 |     5 ||    16
         Punch             |     2 |     1 ||     3
    Use: Scroll            |     1 |     1 ||     2
         Potion            |     1 |     1 ||     2
   Stab: Sleeping          |    13 |     2 ||    15
 Armour: Skin              |     7 |     2 ||     9
  Dodge: Dodged            |    58 |    24 ||    82

Table legend: (Time is in decaauts)
 A = Elapsed time spent in this place.
 B = Non-inter-level travel time spent in this place.
 C = Inter-level travel time spent in this place.
 D = Time resting spent in this place.
 E = Time spent auto-exploring this place.
 F = Levels seen in this place.
 G = Mean time per level.
                   A        B        C        D        E       F      G
               +--------+--------+--------+--------+--------+-----+--------+
         Total |   1113 |   1102 |     11 |     51 |    420 |   5 |  222.6 |
       Dungeon |   1113 |   1102 |     11 |     51 |    420 |   5 |  222.6 |
               +--------+--------+--------+--------+--------+-----+--------+

Top non-repeatable levels by time:
     D:1: 540 daAuts
     D:2: 304 daAuts
     D:4: 182 daAuts
     D:3: 64 daAuts
     D:5: 22 daAuts
